 Dungeon Crawl Stone Soup version bcrawl-1.40.3b (webtiles) character file.

Game seed: 15664751577319083037

96090 Anathary the Scratcher (level 3, -5/20 HPs)
             Began as a Felid Martial Artist on Feb 19, 2024.
             Was a Believer of Wu Jian.
             Slain by Terence
             ... wielding a +0 morningstar
              (10 damage)
             ... on level 2 of the Dungeon.
             The game lasted 00:02:51 (613 turns).

Anathary the Scratcher (Felid Martial Artist)        Turns: 613, Time: 00:02:52

Health: -5/20      AC:  1    Str:  9    XL:     3   Next: 45%
Magic:  5/5        EV: 20    Int: 10    God:    Wu Jian [**....]
Gold:   46         SH:  0    Dex: 18    Spells: 3/4 levels left
                                        Lives:  0   Deaths: 0

rFire    . . .     GDR:     29%   - Teeth and claws (10.6)
rCold    . . .     SeeInvis +   (shield unavailable)
rNeg     . . .     Gourm    .   (armour unavailable)
rPois    .         Faith    .   (helmet unavailable)
rElec    .         Spirit   .   (cloak restricted)
rCorr    .         Reflect  .   (gloves unavailable)
MR       .....                  (boots unavailable)
Stlth    +++.......             (no amulet)
HPRegen  0.13/turn              (no ring)
MPRegen  0.09/turn              (no ring)

@: quick
A: very small, no armour, no weapons or thrown items, stealth, claws 1, fangs 3,
see invisible, carnivore, speed 1, shaggy fur 1, slow metabolism 1, sharp paws
a: Wall Jump, Serpent's Lash, Renounce Religion


You were on level 2 of the Dungeon.
You worshipped Wu Jian.
Wu Jian was pleased with you.
You were not hungry.

You visited 1 branch of the dungeon, and saw 2 of its levels.

You collected 46 gold pieces.

Inventory:

Scrolls
 c - 2 scrolls of teleportation {unknown}
 f - a scroll of remove curse {unknown}
 i - 2 scrolls of identify
Potions
 a - a potion of agility
 b - a potion of degeneration {unknown}
 d - a potion of might {unknown}
 g - a potion of ambrosia {unknown}
 h - a potion of resistance {unknown}
 j - a potion of heal wounds {unknown}
Comestibles
 e - 2 rations {!d}


   Skills:
 + Level 3.2 Fighting
 + Level 4.5 Dodging
 + Level 2.2 Stealth
 + Level 5.5 Unarmed Combat
 + Level 1.2 Spellcasting
 + Level 1.5 Hexes


You had 3 spell levels left.
You knew the following spells:

 Your Spells              Type           Power        Failure   Level  Hunger
a - Confusing Touch       Hex            #.......     19%         1    None
Your spell library was empty.

Dungeon Overview and Level Annotations

Branches:
Dungeon (2/12)

Altars:

Annotations:
D:2 Terence


Innate Abilities, Weirdness & Mutations

You cannot wear almost all types of armour.
You are incapable of wielding weapons or throwing items.
Your paws allow you to move quietly. (Stealth)
You have sharp claws.
You have razor-sharp teeth.
You have supernaturally acute eyesight. (SInv)
You are carnivorous and can eat meat at any time.
You cover ground quickly.
You are covered in fur. (AC +1)
You have a slow metabolism.
Your sharp claws are effective at attacking unaware monsters.


Message History

Terence is lightly wounded.
The giant cockroach bites you.
* * * LOW HITPOINT WARNING * * *
Terence closely misses you.
You scratch Terence but do no damage. Your bite misses Terence.
Terence is lightly wounded.
The giant cockroach bites you.
* * * LOW HITPOINT WARNING * * *
You scratch Terence but do no damage.
Terence is lightly wounded.
Terence barely misses you.
The giant cockroach completely misses you.
You scratch Terence but do no damage.
Terence is lightly wounded.
The giant cockroach completely misses you.
You barely miss Terence. Your bite misses Terence.
Terence is lightly wounded.
Terence hits you with a +0 morningstar!
Ouch! That really hurt!
You die...

...###.).##...........
..............).....#...
#...................#...
#.##.........)..........
............$..?........
.###...................
# ?.......<.........#
#.######...........# ..
........s@.####
..#.##[..#@#
.........#K#
#...........
#........#.##
..........# ...........
######. #.


You could see Terence, a giant cockroach and a kobold.

Vanquished Creatures
  An ooze (D:1)
  2 dart slugs (D:1)
  An orc (D:2)
  A ball python (D:2)
  3 giant cockroaches (D:1)
  2 goblins
  5 hobgoblins (D:1)
  5 kobolds (D:1)
  5 bats (D:1)
  5 rats
30 creatures vanquished.

Notes
Turn   | Place    | Note
-------+----------+-------------------------------------------
     0 | D:1      | Anathary the Felid Martial Artist began the quest for the
                  | Orb.
     0 | D:1      | Reached XP level 1. HP: 12/12 MP: 3/3
   132 | D:1      | Reached skill level 5 in Unarmed Combat
   192 | D:1      | Reached XP level 2. HP: 16/16 MP: 4/4
   350 | D:1      | Reached ** piety under Wu Jian
   578 | D:2      | Reached XP level 3. HP: 20/20 MP: 5/5
   594 | D:2      | Noticed Terence
   613 | D:2      | Slain by Terence

Skill      XL: |  1  2 |
---------------+-------+-----
Unarmed Combat | 5 |  5.5
Stealth        | 2 |  2.2
Fighting       | |  3.2
Dodging        | |  4.5
Spellcasting   | |  1.2
Hexes          | |  1.5

Action                   || total
-------------------------++-------
Melee: Unarmed           ||    67
       Bite              ||     6
 Abil: Lunge             ||    12
       Whirlwind         ||     4
 Stab: Sleeping          ||     7
Armor: Skin              ||     1
Dodge: Dodged            ||    45
